 Dungeon Crawl Stone Soup version 0.24-a0-243-g8f5f5cd (webtiles) character file.

Game seed: 8710830159125139315

149 xeno23 the Sneak (level 5, 0/36 HPs)
             Began as an Octopode Assassin on Apr 9, 2019.
             Slain by a slave (9 damage)
             ... led by Pikel
             ... on level 6 of the Dungeon.
             The game lasted 00:06:16 (2108 turns).

xeno23 the Sneak (Octopode Assassin)                Turns: 2108, Time: 00:06:16

Health: 0/36       AC:  1    Str: 10    XL:     5   Next: 31%
Magic:  5/5        EV: 13    Int: 13    God:
Gold:   127        SH:  0    Dex: 17    Spells: 4/4 levels left

rFire    . . .     SeeInvis .   a - +2 dagger
rCold    . . .     Gourm    .   (no shield)
rNeg     . . .     Faith    .   (helmet restricted)
rPois    .         Spirit   .   (no amulet)
rElec    .         Reflect  .   m - +2 ring of dexterity (curse)
rCorr    .         Harm     .   (no ring)
MR       .....                  (no ring)
Stlth    ++++......             (no ring)
HPRegen  0.12/turn              (no ring)
MPRegen  0.09/turn              (no ring)
                                (no ring)
                                (no ring)

@: no status effects
A: almost no armour, stealthy swim, amphibious, 8 rings, constrict 8, camouflage
1, gelatinous body 1
a: no special abilities


You were on level 6 of the Dungeon.
You were near starving.

You visited 1 branch of the dungeon, and saw 5 of its levels.

You collected 127 gold pieces.

Inventory:

Hand Weapons
 a - a +2 dagger (weapon)
 b - a +0 blowgun
 p - a +0 short sword of holy wrath
Missiles
 c - 17 poisoned needles
 d - 2 curare-tipped needles
Jewellery
 m - a cursed +2 ring of dexterity (left tentacle)
Wands
 o - a wand of disintegration (6)
Scrolls
 e - 2 scrolls of remove curse {unknown}
 g - 4 scrolls of teleportation {unknown}
 h - a scroll of amnesia {unknown}
 k - a scroll of magic mapping {unknown}
 q - a scroll of identify {unknown}
Potions
 i - a potion of degeneration {unknown}
 j - a potion of cancellation {unknown}
 l - 2 potions of curing {unknown}
 n - 2 potions of berserk rage {unknown}
Comestibles
 f - 8 rations


   Skills:
 + Level 3.1 Fighting
 * Level 4.0 Short Blades
 - Level 2.0 Throwing
 - Level 1.0 Dodging
 + Level 6.3 Stealth


You had 4 spell levels left.
You didn't know any spells.
Your spell library was empty.

Dungeon Overview and Level Annotations

Branches:
Dungeon (6/15)
 Temple: D:4-7

Altars:

Annotations:
D:5 Pikel


Innate Abilities, Weirdness & Mutations

You cannot wear most types of armour.
You are very stealthy in the water. (Stealth+)
You are amphibious.
You can wear up to eight rings at the same time.
You can use your tentacles to constrict eight enemies at once.
Your skin changes colour to match your surroundings (Stealth+).
Your rubbery body absorbs attacks. (AC +1, EV +1)


Message History

The slave is moderately wounded.
You constrict the slave, but do no damage.
The slave hits you.
You take 5 damage.
You hit the slave.
The slave is heavily wounded.
You constrict the slave. The slave hits you.
You take 6 damage.
You hit the slave but do no damage.
The slave is heavily wounded.
You constrict the slave. You hit the slave.
The slave is severely wounded.
You constrict the slave. The slave hits you!
* * * LOW HITPOINT WARNING * * *
You take 9 damage.
You hit the slave but do no damage. Your squeeze misses the slave.
The slave is severely wounded.
You constrict the slave. The slave hits you!
You die...

#....#.#.#.#.#.#...............#
#.....#.#S#.#.#.#..............#
#....#.#.#.#.#.#........>......#
#.....#.#.#.#.#.#..............#
#....#.#S#.#.#.#...............#
###...#.#.#.#.#.#..............#
#..#.#.#.#.#.#...............#
#...#.#.#.#.#p#..............#
#..#.#.#.#.#.#@..............#
#...#.#.#.#.#.#..............#
#..#.#.#.#.#.#...............#
##############################


You could see a slave and an adder (wandering).

Vanquished Creatures
  A crimson imp (D:6)
  A killer bee zombie (D:6)
  A gnoll (D:2)
  2 adders (D:2)
  2 oozes
  4 worms
  A dart slug (D:1)
  2 leopard geckos
  2 bats
  4 giant cockroaches
  4 hobgoblins
  2 quokkas (D:2)
  A ball python (D:3)
  3 frilled lizards
  7 goblins
  6 kobolds
  2 rats
45 creatures vanquished.

Notes
Turn   | Place    | Note
-------+----------+-------------------------------------------
     0 | D:1      | xeno23 the Octopode Assassin began the quest for the Orb.
     0 | D:1      | Reached XP level 1. HP: 14/14 MP: 1/1
   140 | D:1      | Reached XP level 2. HP: 19/19 MP: 2/2
   628 | D:2      | Reached XP level 3. HP: 25/25 MP: 3/3
   960 | D:2      | Reached XP level 4. HP: 14/30 MP: 4/4
  1360 | D:2      | Reached skill level 6 in Stealth
  1476 | D:3      | You fall through a shaft for 3 floors!
  1543 | D:6      | Reached XP level 5. HP: 30/36 MP: 5/5
  1567 | D:5      | Entered Level 5 of the Dungeon
  1570 | D:5      | Noticed a slave
  1572 | D:5      | Noticed Pikel
  2108 | D:6      | Slain by a slave

Levels and vault maps discovered:
D:1:      dpeg_arrival_castle, layout_loops_ring
D:2:      layout_basic, first_ration, minmay_pentomino_q2
D:3:      layout_rooms, chequers_ecumenical_altar_island, serial_forest,
          infiniplex_forest_lined_3, infiniplex_forest_clump_medium,
          infiniplex_forest_clump_tiny, infiniplex_forest_straight_2,
          infiniplex_forest_end_3, infiniplex_forest_clump_large,
          infiniplex_forest_join, led_sif_book, uniq_grinder
D:5:      layout_basic, minmay_temple_entry_statues_pillars, uniq_pikel
D:6:      layout_gridville, minivault_23, kb_rosetta

Skill      XL: |  1  2  3  4  5 |
---------------+----------------+-----
Short Blades   | 3 4 |  4.0
Stealth        | 6 |  6.3
Fighting       | 3 |  3.1
Throwing       | |  2.0
Dodging        | |  1.0

Action                   |  1- 3 |  4- 6 || total
-------------------------+-------+-------++-------
Melee: Dagger            |    60 |    68 ||   128
       Constrict         |    10 |    14 ||    24
       Tentacles         |     9 |    16 ||    25
 Stab: Sleeping          |     9 |     3 ||    12
  Eat: Chunk             |       |     2 ||     2
Armor: Skin              |     1 |     1 ||     2
Dodge: Dodged            |    31 |    34 ||    65

Table legend:
 A = Non-vault XP
 B = Vault XP
 C = Vault XP percentage of total XP
 D = Non-vault monster count
 E = Vault monster count
 F = Vault count percentage of total count
                 A         B        C        D         E       F
            +---------+---------+-------+---------+---------+-------
      Total |     212 |       2 |   0.9 |      44 |       1 |   2.2
            +---------+---------+-------+---------+---------+-------
        D:1 |      20 |       0 |   0.0 |      12 |       0 |   0.0
        D:2 |      92 |       2 |   2.1 |      23 |       1 |   4.2
        D:3 |      18 |       0 |   0.0 |       6 |       0 |   0.0
        D:6 |      82 |       0 |   0.0 |       3 |       0 |   0.0
            +---------+---------+-------+---------+---------+-------
